Map: Babylon LE

Players

winzboy

  • Race: Protoss Protoss
  • League: Gold
  • Spawn Location: 5:00

IIIIIIIIIIII - Winner!

  • Race: Protoss Protoss
  • League: Gold
  • Spawn Location: 11:00

VOD

Have the link to the VOD?

Description

Time

  • Played on: May 24, 2023, 3:46 a.m.
  • Length: 4:35
Show
View Real Time Build Order
Export as new Build Order

winzboy Protoss 

Build Orders:  

Get SALT Encoding   

  12  0:01  Probe  
  13  0:16  Pylon  
  13  0:18  Probe (Chrono Boost)  
  14  0:37  Gateway  
  14  0:39  Assimilator  
  14  0:47  Probe  
  15  0:59  Probe  
  17  1:11  Probe  
  17  1:23  Probe  
  18  1:29  Cybernetics Core  
  18  1:35  Probe  
  19  1:47  Probe  
  19  1:52  Nexus  
  20  1:59  Probe  
  21  2:03  Warp Gate (Chrono Boost)  
  21  2:04  Pylon  
  21  2:11  Probe  
  22  2:21  Adept (Chrono Boost)  
  24  2:24  Probe  
  25  2:39  Probe  
  26  2:51  Probe, Stalker  
  29  3:03  Probe  
  30  3:07  Robotics Facility  
  30  3:11  Pylon  
  30  3:15  Probe  
  31  3:28  Probe  
  32  3:37  Probe  
  32  3:38  Gateway  
  32  3:40  Probe  
  34  3:41  Pylon  
  34  3:42  Assimilator  
  34  3:46  Assimilator  
  34  3:49  Probe, Stalker  
  34  3:52  Probe  
  38  3:57  Pylon  
  38  4:00  Gateway, Observer  
  39  4:16  Probe (Chrono Boost)  
  41  4:20  Probe (Chrono Boost)  
  41  4:28  Probe (Chrono Boost), Zealot  
Show
View Real Time Build Order
Export as new Build Order

IIIIIIIIIIII Protoss - Winner!

Build Orders:  

Get SALT Encoding   

  12  0:00  Probe  
  13  0:15  Pylon  
  13  0:16  Probe  
  14  0:29  Probe  
  15  0:36  Gateway  
  15  0:41  Probe (Chrono Boost)  
  17  0:50  Probe (Chrono Boost), Assimilator  
  17  0:55  Probe  
  18  1:07  Probe  
  18  1:11  Gateway  
  19  1:19  Probe  
  19  1:21  Assimilator  
  19  1:25  Cybernetics Core  
  20  1:37  Gateway  
  20  1:44  Pylon  
  20  1:46  Assimilator  
  20  1:48  Pylon  
  20  1:52  Probe  
  18  2:01  Stalker  
  23  2:12  Probe (Chrono Boost)  
  24  2:17  Warp Gate (Chrono Boost)  
  24  2:22  Probe (Chrono Boost)  
  25  2:29  Robotics Facility  
  25  2:33  Gateway  
  25  2:39  Stalker  
  27  2:49  Gateway  
  27  3:00  Stalker  
  29  3:13  Stalker  
  31  3:21  Immortal (Chrono Boost)  
  35  3:35  Pylon  
  35  3:54  Shield Battery  
  35  4:00  Sentry  
  41  4:15  Stalker x2  
Tags
 
League
GoldGold
Matchup
PvP
Replay Pack
Multiplayer
Spawn Locations
Cross Positions
Add a new tag
Caveats
  • Supply blocks, unpowered buildings, or Contaminate may cause inaccurate times.
  • Supply counts are checked every 10 seconds.